 Seeded DCSS version 0.30.1-4-g462c640d31 (webtiles) character file.

Game seed: 1607288259308109930 (custom seed)

477 CInkIbrahim the Slasher (level 6, 0/51 HPs)
             Began as an Armataur Gladiator on Aug 12, 2023.
             Was a Believer of Dithmenos.
             Slain by Natasha (1 damage)
             ... on level 4 of the Dungeon.
             The game lasted 00:04:38 (3213 turns).

CInkIbrahim the Slasher (Armataur Gladiator)        Turns: 3213, Time: 00:04:39

Health: 0/51       AC:  6    Str: 24    XL:     6   Next: 85%
Magic:  6/6        EV: 10    Int:  8    God:    Dithmenos [**....]
Gold:   99         SH:  0    Dex: 13    Spells: 5/5 levels left

rFire   . . .        b - +6 hand axe "Bidwa" {freeze, Str+4}
rCold   . . .        (no shield)
rNeg    . . .        x - +0 leather armour
rPois   +            l - +2 hat
rElec   .            (no cloak)
rCorr   .            (no gloves)
SInv    .            (no barding)
Will    .....        (no amulet)
Stlth   +            f - ring of poison resistance
HPRegen 0.28/turn    (no ring)
MPRegen 0.10/turn

%: roll
@: attractive, slowed, wreathed by umbra, very slow
A: large, rugged brown scales 3, deformed body, armoured tail, roll, long
tongue, awkward tongue
a: Renounce Religion, Shadow Step


You were on level 4 of the Dungeon.
You worshipped Dithmenos.
Dithmenos was pleased with you.
You visited 1 branch of the dungeon, and saw 4 of its levels.

You collected 99 gold pieces.

Inventory:

Hand Weapons
 a - a +0 long sword
 b - the +6 hand axe "Bidwa" (weapon) {freeze, Str+4}
   (You took it off Robin on level 4 of the Dungeon)

   Str:       It affects your strength (+4).
Missiles
 d - 2 throwing nets (quivered)
 e - a javelin
 s - 8 poisoned darts
Armour
 c - a +0 helmet
 l - a +2 hat (worn)
 x - a +0 leather armour (worn)
Jewellery
 f - a ring of poison resistance (left hand)
 p - a ring of see invisible
 q - a ring of fire
 t - a +6 ring of strength
Scrolls
 g - a scroll of brand weapon {unknown}
 j - 2 scrolls of identify {unknown}
 k - a scroll of teleportation {unknown}
 m - a scroll of immolation {unknown}
 n - a scroll of enchant weapon {unknown}
 o - a scroll of noise {unknown}
 r - a scroll of amnesia {unknown}
 u - a scroll of poison {unknown}
Potions
 h - a potion of lignification
 i - a potion of brilliance {unknown}
 v - a potion of degeneration {unknown}
 w - a potion of attraction
 z - a potion of curing {unknown}


   Skills:
 - Level 1.7 Fighting
 + Level 7.2 Long Blades
 - Level 1.7 Throwing
 - Level 2.1 Dodging


You had 5 spell levels left.
You didn't know any spells.
Your spell library contained the following spells:

 Spells                   Type           Power      Damage    Failure   Level
 Freeze                   Ice            0%         1d3       45%         1
 Kiss of Death            Conj/Necr      0%         2d5       45%         1
 Confusing Touch          Hex            0%         N/A       83%         3
 Frozen Ramparts          Ice            0%         1d1       83%         3
 Hailstorm                Conj/Ice       0%         3d3       83%         3
 Animate Dead             Necr           0%         N/A       99%         4
 Dispel Undead            Necr           0%         3d6       99%         4
 Haunt                    Necr/Summ      0%         N/A       100%        7
 Infestation              Necr           0%         N/A       100%        8


Dungeon Overview and Level Annotations

Branches:
Dungeon (4/15)
 Temple: D:4-7

Altars:
Dithmenos

Shops:
D:1 ::[:!   D:4 [

Annotations:
D:3 3 runed translucent doors, scruffythespaceman's ghost, amateur DsWr
D:4 Natasha


Innate Abilities, Weirdness & Mutations

You are completely covered in rugged brown scales. (AC +3, +7% HP)
Armour fits poorly on your strangely shaped body.
You have a long armoured tail.
You roll when moving toward enemies. (Rampage)
Your long tongue fully drains potion bottles. (2x potion effects)
Your tongue gives you trouble enunciating. (1.5x scroll delay)


Message History

Dithmenos accepts your kill.
You barely miss Natasha. Natasha claws you. x2
You closely miss Natasha. Natasha claws you but does no damage.
Natasha misses you.
You miss Natasha.
Natasha mumbles some strange words.
You barely miss Natasha. You tail-slap Natasha.
Natasha is moderately wounded.
You closely miss the cerulean imp. Natasha claws you!
* * * LOW HITPOINT WARNING * * *
The cerulean imp hits you with a +0 spear.
* * * LOW HITPOINT WARNING * * *
Natasha casts a spell.
The cerulean imp hits you but does no damage.
You closely miss Natasha.
Natasha is moderately wounded.
You hit the cerulean imp. You freeze the cerulean imp.
Natasha barely misses you.
The cerulean imp hits you with a +0 spear.
* * * LOW HITPOINT WARNING * * *
Natasha casts a spell at you. You resist with some effort.
The cerulean imp hits you from afar with a +0 spear.
* * * LOW HITPOINT WARNING * * *
You hit Natasha. You freeze Natasha.
Your tail-slap misses Natasha.
Natasha is moderately wounded.
You closely miss the cerulean imp.
The cerulean imp hits you but does no damage.
Natasha claws you but does no damage. The cerulean imp barely misses you.
The cerulean imp closely misses you. Natasha claws you but does no damage.
The cerulean imp hits you but does no damage.
It was a potion of attraction.
You feel attractive to monsters.
You slurp down every last drop of the potion of attraction!
The cerulean imp hits you but does no damage.
Natasha barely misses you. The cerulean imp completely misses you.
The cerulean imp hits you with a +0 spear.
* * * LOW HITPOINT WARNING * * *
Natasha claws you.
You die...

##.#.#.....#.......
########.........##..####
.................###'####
######.###########......
#........### #......
#.....)....# #......
#..........# #......
#.....5....# #......
#......@)..# #......
#.....##h...... #######
#.....# 5...... # #.....#
....... # #..... .......
# ##### ....... # .......
# ....... #


You could see Natasha and 2 cerulean imps.

Vanquished Creatures
  3 hounds (D:4)
  An orc priest (D:4)
  Natasha (D:4)
  4 orc wizards
  2 iguanas (D:4)
  Robin (D:4)
  6 adders
  A shadow imp (D:3)
  2 worms
  3 dart slugs
  13 orcs
  2 bats (D:1)
  9 endoplasms
  2 giant cockroaches
  13 goblins
  9 hobgoblins
  6 jackals
  5 kobolds
  A quokka (D:4)
  5 ball pythons
  2 frilled lizards
  5 rats
96 creatures vanquished.

Vanquished Creatures (others)
  A bat (D:2)
1 creature vanquished.

Grand Total: 97 creatures vanquished

Notes
Turn   | Place    | Note
-------+----------+-------------------------------------------
     0 | D:1      | CInkIbrahim the Armataur Gladiator began the quest for the
                  | Orb.
     0 | D:1      | Reached XP level 1. HP: 18/18 MP: 1/1
    78 | D:1      | Reached skill level 3 in Long Blades
   114 | D:1      | Found Biweimas's Book Shop.
   125 | D:1      | Found Zijei's Book Emporium.
   147 | D:1      | Found Hirutzo's Armour Shoppe.
   197 | D:1      | Reached XP level 2. HP: 25/25 MP: 2/2
   212 | D:1      | Found Iroihad's Distillery.
   271 | D:1      | Found Dutofyhu's Book Shoppe.
   459 | D:2      | Reached XP level 3. HP: 29/31 MP: 3/3
   524 | D:2      | Reached skill level 4 in Long Blades
   552 | D:2      | Found a shadowy altar of Dithmenos.
   567 | D:2      | Became a worshipper of Dithmenos the Shadowed
   956 | D:3      | Found a faded altar of an unknown god.
  1151 | D:3      | Reached XP level 4. HP: 38/38 MP: 4/4
  1271 | D:3      | Found a runed translucent gate.
  1271 | D:3      | Noticed scruffythespaceman's ghost (amateur DsWr)
  1272 | D:3      | Found a runed translucent gate.
  1272 | D:3      | Noticed a kobold brigand
  1275 | D:3      | Found a runed translucent gate.
  2064 | D:3      | Reached skill level 5 in Long Blades
  2263 | D:4      | Reached XP level 5. HP: 38/43 MP: 5/5
  2564 | D:4      | Identified the +6 hand axe "Bidwa" {freeze, Str+4}
  2564 | D:4      | Noticed Robin
  2565 | D:4      | Reached * piety under Dithmenos
  2582 | D:4      | Killed Robin
  2623 | D:4      | Reached skill level 6 in Long Blades
  2802 | D:4      | Reached XP level 6. HP: 44/51 MP: 6/6
  2889 | D:4      | Found Kass's Armour Shoppe.
  3188 | D:4      | Noticed Natasha
  3190 | D:4      | Reached ** piety under Dithmenos
  3193 | D:4      | Killed Natasha
  3194 | D:4      | Reached skill level 7 in Long Blades
  3203 | D:4      | Noticed Natasha
  3211 | D:4      | HP: 2/51 [cerulean imp/+0 spear[Natasha] (4)]
  3213 | D:4      | Slain by Natasha

Illustrated notes

Levels and vault maps discovered:
D:1:      onia_arrival_handbag, layout_rooms, serial_shops, shop,
          nicolae_shop_crystal, shop, nicolae_shop_pleasant_corner_grove,
          nicolae_shop_tiny_glass
D:2:      layout_rooms, basic_altar, minmay_hedge_maze, minmay_misc_feat_alley,
          nrook_campfire
D:3:      layout_basic, nicolae_ecumenical_oubliette,
          gammafunk_ghost_nasty_kobolds
D:4:      layout_basic, serial_shops, shop, st_stairs_13, grunt_ministairs_11,
          minmay_ruptured, uniq_robin, uniq_natasha

Skill      XL: |  1  2  3  4  5  6 |
---------------+-------------------+-----
Long Blades    | 3 4 5 6 7 |  7.2
Fighting       | |  1.7
Throwing       | |  1.7
Dodging        | |  2.1

Action                     |  1- 3 |  4- 6 || total
---------------------------+-------+-------++-------
  Melee: Long sword        |    96 |   152 ||   248
         Tailslap          |     6 |    16 ||    22
         Hand axe          |       |    43 ||    43
         Punch             |       |     2 ||     2
  Throw: Dart              |       |     5 ||     5
         Throwing net      |       |     1 ||     1
    Use: Potion            |       |     2 ||     2
   Stab: Sleeping          |     2 |       ||     2
 Armour: Leather armour    |    69 |    67 ||   136
         Skin              |       |    39 ||    39
  Dodge: Dodged            |    71 |    84 ||   155
